 Dungeon Crawl Stone Soup version 0.26-a0-852-g6321bf7485 (webtiles) character file.

Game seed: 2218902814756454000

35 pablito the Grave Robber (level 3, -2/24 HPs)
             Began as a Demonspawn Necromancer on Nov 21, 2020.
             Slain by a gnoll (8 damage)
             ... on level 2 of the Dungeon.
             The game lasted 00:02:58 (1163 turns).

pablito the Grave Robber (Demonspawn Necromancer)   Turns: 1163, Time: 00:02:59

Health: -2/24      AC:  4    Str:  8    XL:     3   Next: 17%
Magic:  4/6        EV: 12    Int: 17    God:
Gold:   66         SH:  0    Dex: 13    Spells: 6/7 levels left

rFire    . . .     SeeInvis .   f - +0 dagger
rCold    . . .     Faith    .   (no shield)
rNeg     . . .     Spirit   .   a - +0 robe
rPois    .         Reflect  .   (no helmet)
rElec    .         Harm     .   b - +0 cloak
rCorr    .         Rampage  .   (no gloves)
MR       .....                  c - +0 pair of boots
Stlth    ++........             (no amulet)
HPRegen  0.08/turn              (no ring)
MPRegen  0.10/turn              (no ring)

@: no status effects
A: claws 1
a: no special abilities


You were on level 2 of the Dungeon.
You visited 1 branch of the dungeon, and saw 2 of its levels.

You collected 66 gold pieces.

Inventory:

Hand Weapons
 f - a +0 dagger (weapon)
Armour
 a - a +0 robe (worn)
 b - a +0 cloak (worn)
 c - a +0 pair of boots (worn)
Scrolls
 e - 3 scrolls of enchant armour {unknown}
 h - a scroll of blinking {unknown}
 i - a scroll of fog {unknown}
 j - a scroll of enchant weapon {unknown}
Potions
 d - a potion of mutation {unknown}
 g - a potion of flight {unknown}


   Skills:
 - Level 2.0 Dodging
 - Level 2.0 Stealth
 + Level 2.6 Spellcasting
 + Level 4.9 Necromancy


You had 6 spell levels left.
You knew the following spells:

 Your Spells              Type           Power        Failure   Level
a - Pain                  Necr           ###.         2%          1

Your spell library contained the following spells:

 Spells                   Type           Power        Failure   Level
 Animate Skeleton         Necr           ###...       2%          1
 Vampiric Draining        Necr           ###.......   7%          3
 Animate Dead             Necr           ###.......   24%         4
 Agony                    Necr           ###.....     54%         5


Dungeon Overview and Level Annotations

Branches:
Dungeon (2/15)

Altars:


Innate Abilities, Weirdness & Mutations

You have sharp fingernails.


Message History

You start resting.
Magic restored.
You start resting.
HP restored.
You climb downwards.
The adder barely misses you. The gnoll hits you. The adder closely misses you.
The gnoll hits you. x2
There is a stone staircase leading up here.
Casting: Pain (safe; 2% risk of failure)
Confirm with . or Enter, or press ? or * to list all spells.
Press: ? - help, Shift-Dir - straight line, f - adder
Aim: an adder (chance to defeat MR: 84%)
The adder writhes in agony.
The adder bites you but does no damage. The gnoll hits you! The gnoll hits you.
Casting: Pain (safe; 2% risk of failure)
Confirm with . or Enter, or press ? or * to list all spells.
Aiming: Pain (safe; 2% risk of failure)
Press: ? - help, Shift-Dir - straight line, f/p - adder
Aim: an adder (moderately wounded, chance to defeat MR: 84%)
The adder writhes in agony.
The adder closely misses you. The gnoll hits you!
You die...

# #.###########
#.†...g.S...#
#)#########.#
.............# ##
.########.g#######
#.......@.......
#.#####Sg####.##
#..# #>.# #..#
#..# ...# ####


You could see 2 gnolls and an adder.

Vanquished Creatures
  A gnoll (D:2)
  A dart slug (D:1)
  2 leopard geckos (D:1)
  3 bats
  A giant cockroach (D:1)
  4 goblins (D:1)
  2 hobgoblins (D:1)
  2 frilled lizards (D:1)
  4 kobolds (D:1)
  A rat (D:1)
21 creatures vanquished.

Notes
Turn   | Place    | Note
-------+----------+-------------------------------------------
     0 | D:1      | pablito the Demonspawn Necromancer began the quest for the
                  | Orb.
     0 | D:1      | Reached XP level 1. HP: 13/13 MP: 3/3
   266 | D:1      | Gained mutation: You have sharp fingernails. [demonic
                  | ancestry]
   266 | D:1      | Reached XP level 2. HP: 18/19 MP: 3/5
   877 | D:2      | Reached XP level 3. HP: 20/24 MP: 1/6
   883 | D:2      | HP: 1/24 [gnoll (3)]
  1163 | D:2      | Slain by a gnoll

Illustrated notes

Levels and vault maps discovered:
D:1:      dpeg_arrival_pits, layout_basic, wander_ebering_terrifying_dragon_lair
D:2:      layout_loops_ring, lemuel_doored_altar, minmay_misc_feat_rows,
          st_stairs_12, chequers_serial_rivers_micro_a,
          corexii_leaking_fountain, dk_noncrumbling_3

Skill      XL: |  1 |
---------------+----+-----
Stealth        | 2 |  2.0
Dodging        | 2 |  2.0
Spellcasting   | |  2.6
Necromancy     | |  4.9

Action                   || total
-------------------------++-------
Melee: Unarmed           ||     6
       Dagger            ||    30
 Cast: Pain              ||    24
Armor: Robe              ||    17
Dodge: Dodged            ||    31

Table legend: (Time is in decaauts)
 A = Elapsed time spent in this place.
 B = Non-inter-level travel time spent in this place.
 C = Inter-level travel time spent in this place.
 D = Time resting spent in this place.
 E = Time spent auto-exploring this place.
 F = Levels seen in this place.
 G = Mean time per level.
                   A        B        C        D        E       F      G
               +--------+--------+--------+--------+--------+-----+--------+
         Total |   1163 |   1156 |      7 |    311 |    685 |   2 |  581.5 |
       Dungeon |   1163 |   1156 |      7 |    311 |    685 |   2 |  581.5 |
               +--------+--------+--------+--------+--------+-----+--------+

Top non-repeatable levels by time:
     D:1: 1122 daAuts
     D:2: 41 daAuts
